 Dungeon Crawl Stone Soup version 0.28.0-45-g0d030f2227 (webtiles) character file.

Game seed: 17321790296205888406

192 Bruhh the Skirmisher (level 5, 0/37 HPs)
             Began as a Gargoyle Fighter on Apr 20, 2022.
             Slain by an orc wizard
             ... wielding a +1 dagger of speed
              (2 damage)
             ... on level 3 of the Dungeon.
             The game lasted 00:05:26 (2932 turns).

Bruhh the Skirmisher (Gargoyle Fighter)             Turns: 2932, Time: 00:05:27

Health: 0/37       AC: 17    Str: 21 (22) XL:     5   Next: 71%
Magic:  5/5        EV:  9    Int:  7 (8)  God:
Gold:   61         SH:  0    Dex:  7 (9)  Spells: 4/4 levels left

rFire   . . .      SeeInvis .   j - +2 great sword (protect)
rCold   . . .      Faith    .   (shield currently unavailable)
rNeg    + . .      Spirit   .   b - +0 scale mail
rPois   ∞          Reflect  .   (no helmet)
rElec   +          Harm     .   (no cloak)
rCorr   .          Rampage  .   (no gloves)
Will    .....                   (no boots)
Stlth   ..........              (no amulet)
HPRegen 0.12/turn               (no ring)
MPRegen 0.09/turn               (no ring)

@: mighty, under a protective aura, attractive, flying
A: sickness immunity, AC +4, negative energy resistance 1, electricity
resistance, torment resistance 1, petrification resistance, big wings, talons 1,
inability to read while threatened
a: no special abilities


You were on level 3 of the Dungeon.
You visited 1 branch of the dungeon, and saw 3 of its levels.

You collected 61 gold pieces.

Inventory:

Hand Weapons
 a - a +0 long sword
 j - a +2 great sword of protection (weapon)
Missiles
 e - 6 poisoned darts (quivered)
Armour
 b - a +0 scale mail (worn)
 c - a +0 buckler
Scrolls
 f - 3 scrolls of teleportation {unknown}
 g - a scroll of noise {unknown}
Potions
 d - a potion of might


   Skills:
 + Level 6.8 Fighting
 - Level 1.7 Long Blades
 - Level 3.2 Armour
 - Level 3.2 Shields


You had 4 spell levels left.
You didn't know any spells.
Your spell library was empty.

Dungeon Overview and Level Annotations

Branches:
Dungeon (3/15)

Altars:

Portals:
Sewer: D:3


Innate Abilities, Weirdness & Mutations

You are immune to sickness and miasma.
Your stone body is resilient. (AC +4)
You are immune to poison.
You resist negative energy. (rN+)
You are resistant to electric shocks. (rElec)
You are resistant to unholy torment.
You are immune to petrification.
Your large and strong wings let you fly.
You have sharp toenails.
You sometimes lose the ability to read scrolls when taking damage.


Message History

* * * LOW HITPOINT WARNING * * *
You're too confused to move!
The kobold hits you but does no damage. Something hits you but does no damage.
You closely miss the kobold. Something hits you but does no damage.
The kobold hits you but does no damage. Something hits you.
* * * LOW HITPOINT WARNING * * *
The kobold barely misses you.
You're too confused to move!
You feel less confused. Something hits you but does no damage.
The kobold closely misses you.
You hear some strange, mumbled words.
You are confused.
You bump into the rock wall.
The kobold hits you.
* * * LOW HITPOINT WARNING * * *
Something hits you but does no damage.
A magic dart appears from out of thin air!
The magic dart hits you.
* * * LOW HITPOINT WARNING * * *
The kobold throws a stone.
The stone completely misses you.
You bump into the rock wall.
You feel less confused. The kobold hits you but does no damage.
It was a potion of mutation.
You feel extremely strange.
You lose the ability to read scrolls when threatened.
Your wings grow larger and stronger.
Your toenails lengthen and sharpen.
The kobold hits you but does no damage.
It was a potion of degeneration.
There was something very wrong with that liquid.
You feel weakened.
You feel dopey.
You feel clumsy. The kobold hits you but does no damage.
It was a potion of attraction.
You feel attractive to monsters. The kobold hits you but does no damage.
You feel very mighty all of a sudden. The kobold hits you but does no damage.
You slice the kobold!!
Your weapon exudes an aura of protection.
You kill the kobold!
Something hits you.
You die...

........# ........#
........# ........#
........# ###
........# ...
........### ..
..........### ####.#
............## #@...#
.............###(####
#..#######.#.#...#
#.## #<#.<)### #.#
#..#)..#### ..#
##...#.....# .##
##..###.### .#
##...###.# .#
######..#.....##


There were no monsters in sight!

Vanquished Creatures
  A scorpion (D:3)
  An orc priest (D:3)
  4 adders
  A dart slug (D:3)
  3 orcs
  5 endoplasms
  2 giant cockroaches (D:2)
  6 goblins
  3 hobgoblins
  10 jackals
  3 quokkas
  10 ball pythons
  2 bats (D:1)
  3 frilled lizards
  4 kobolds
  9 rats
67 creatures vanquished.

Notes
Turn   | Place    | Note
-------+----------+-------------------------------------------
     0 | D:1      | Bruhh the Gargoyle Fighter began the quest for the Orb.
     0 | D:1      | Reached XP level 1. HP: 14/14 MP: 1/1
   428 | D:1      | Reached XP level 2. HP: 20/20 MP: 2/2
   465 | D:1      | Reached skill level 4 in Fighting
   631 | D:1      | Found a faded altar of an unknown god.
   695 | D:1      | Reached XP level 3. HP: 24/24 MP: 3/3
  1492 | D:2      | Reached skill level 5 in Fighting
  1799 | D:2      | Reached XP level 4. HP: 24/31 MP: 4/4
  2408 | D:3      | Noticed a scorpion
  2411 | D:3      | Killed a scorpion
  2412 | D:3      | Reached skill level 6 in Fighting
  2412 | D:3      | Reached XP level 5. HP: 35/36 MP: 5/5
  2437 | D:3      | Found a glowing drain.
  2924 | D:3      | HP: 1/37 [something/magic dart (5)]
  2928 | D:3      | Gained mutation: You sometimes lose the ability to read
                  | scrolls when taking damage. [potion of mutation]
  2928 | D:3      | Gained mutation: Your large and strong wings let you fly.
                  | [potion of mutation]
  2928 | D:3      | Gained mutation: You have sharp toenails. [potion of
                  | mutation]
  2932 | D:3      | Slain by an orc wizard

Illustrated notes

Levels and vault maps discovered:
D:1:      matt_arrival_refuge, layout_loops_cross, ebering_ecumenical_altar_mist
D:2:      layout_basic
D:3:      minmay_goblin_kobold_castle, layout_rooms, portal_sewer_entry_b

Skill      XL: |  1  2  3  4 |
---------------+-------------+-----
Fighting       | 4 5 6 |  6.8
Long Blades    | |  1.7
Armour         | |  3.2
Shields        | |  3.2

Action                   |  1- 3 |  4- 6 || total
-------------------------+-------+-------++-------
Melee: Long sword        |   142 |    21 ||   163
       Great sword       |       |    42 ||    42
  Use: Potion            |       |     4 ||     4
Armor: Scale mail        |    97 |    86 ||   183
Dodge: Dodged            |    91 |    64 ||   155
Block: Buckler           |    37 |     5 ||    42
